 Dungeon Crawl Stone Soup version 0.31-a0-844-gdc52ec4e09 (webtiles) character file.

Game seed: 1500053137037929305

253 pop123321pop the Poker (level 5, -4/42 HPs)
             Began as a Demigod Fighter on Oct 1, 2023.
             Slain by a worm (8 damage)
             ... on level 4 of the Dungeon.
             The game lasted 00:03:14 (2804 turns).

pop123321pop the Poker (Demigod Fighter)            Turns: 2804, Time: 00:03:14

Health: -4/42      AC:  6    Str: 17    XL:     5   Next: 58%
Magic:  7/7        EV:  9    Int: 10    God:
Gold:   177        SH:  5    Dex: 17    Spells: 4/4 levels left

rFire   . . .        a - +0 trident
rCold   . . .        c - +0 buckler
rNeg    . . .        b - +0 scale mail
rPois   .            (no helmet)
rElec   .            (no cloak)
rCorr   .            (no gloves)
SInv    .            (no boots)
Will    .....        (no amulet) Stlth
                     (no ring)
HPRegen 0.27/turn    (no ring)
MPRegen 0.10/turn

%: no passive effects
@: no status effects
A: high MP 1, forlorn, divine attributes
a: no special abilities


You were on level 4 of the Dungeon.
You visited 1 branch of the dungeon, and saw 4 of its levels.

You collected 177 gold pieces.

Inventory:

Hand Weapons
 a - a +0 trident (weapon)
Armour
 b - a +0 scale mail (worn)
 c - a +0 buckler (worn)
Jewellery
 n - a +4 ring of protection
Wands
 d - a wand of iceblast (9)
Scrolls
 e - 4 scrolls of identify {unknown}
 i - a scroll of blinking {unknown}
 j - a scroll of fog {unknown}
 k - a scroll of immolation {unknown}
 l - a scroll of revelation {unknown}
Potions
 f - 2 potions of enlightenment
 g - a potion of haste
 h - a potion of lignification {unknown}
 m - a potion of curing


   Skills:
 - Level 2.6 Fighting
 + Level 5.7 Polearms
 - Level 2.6 Armour
 - Level 2.6 Shields


You had 4 spell levels left.
You didn't know any spells.
Your spell library contained the following spells:

 Spells                   Type           Power      Damage    Failure   Level
 Lesser Beckoning         Tloc           0%         N/A       94%         2
 Gell's Gravitas          Tloc           0%         N/A       99%         3
 Teleport Other           Tloc           0%         N/A       99%         3


Dungeon Overview and Level Annotations

Branches:
Dungeon (4/15)
 Temple: D:4-7


Innate Abilities, Weirdness & Mutations

You have an increased reservoir of magic. (+10% MP)
You shall have no god before yourself.
Your divine heritage dramatically boosts your attributes as you level up.


Message History

Unknown command.
You are too injured to fight recklessly!
Unknown command.
You are too injured to fight recklessly!
Unknown command.
You are too injured to fight recklessly!
You barely miss the gnoll.
The gnoll is severely wounded.
The gnoll hits you with a +0 flail. The gnoll barely misses you.
You hit the gnoll.
The gnoll is severely wounded.
You block the gnoll's attack. x2
You hit the gnoll.
You kill the gnoll!
The gnoll hits you from afar with a +0 spear.
You hit the worm.
The worm is lightly wounded.
The gnoll hits you from afar with a +0 spear.
The worm completely misses you.
You hit the worm.
The worm is lightly wounded.
The gnoll hits you from afar with a +0 spear.
* * * LOW HITPOINT WARNING * * *
You hit the worm.
The worm is moderately wounded.
The worm barely misses you.
The gnoll hits you from afar with a +0 spear.
* * * LOW HITPOINT WARNING * * *
You hit the worm.
The worm is heavily wounded.
You block the gnoll's attack.
You hit the worm but do no damage.
The worm is heavily wounded.
The worm bites you.
* * * LOW HITPOINT WARNING * * *
The gnoll hits you but does no damage.
You hit the worm.
The worm is heavily wounded.
You block the gnoll's attack. The worm bites you!
You die...

.. .# .. ...
.###..
...####+###......
.................
................
...............
...........#####
.........<.....#
...####@######.#
#w### #.g.# #...#
#######...#
#.....)...#
#........##
.......).#
.........#


You could see a worm and a gnoll.

Vanquished Creatures
  Ijyb (D:3)
  An orc wizard (D:3)
  6 gnolls
  6 adders
  2 worms
  2 dart slugs
  3 orcs (D:3)
  9 endoplasms
  4 giant cockroaches (D:2)
  12 goblins
  3 hobgoblins
  2 jackals (D:3)
  9 kobolds
  2 quokkas (D:3)
  5 ball pythons
  4 bats
  4 frilled lizards
  9 rats
84 creatures vanquished.

Notes
Turn   | Place    | Note
-------+----------+-------------------------------------------
     0 | D:1      | pop123321pop the Demigod Fighter began the quest for the
                  | Orb.
     0 | D:1      | Reached XP level 1. HP: 18/18 MP: 3/3
    90 | D:1      | Reached skill level 2 in Polearms
   211 | D:1      | Reached XP level 2. HP: 25/25 MP: 4/4
   698 | D:1      | Reached skill level 3 in Polearms
   909 | D:2      | Reached XP level 3. HP: 23/30 MP: 5/5
  1281 | D:2      | Reached skill level 4 in Polearms
  1286 | D:2      | Reached XP level 4. HP: 23/37 MP: 6/6
  1697 | D:3      | Noticed Ijyb
  1715 | D:3      | Killed Ijyb
  1883 | D:3      | Reached skill level 5 in Polearms
  2028 | D:3      | Reached XP level 5. HP: 40/42 MP: 7/7
  2445 | D:3      | HP: 1/42 [something/puff of flame (3)]
  2804 | D:4      | Slain by a worm

Illustrated notes

Levels and vault maps discovered:
D:1:      amcnicky_arrival_abandoned_market, layout_loops_ring
D:2:      layout_loops_cross, minmay_hexomino_f4
D:3:      kb_forest_paths, layout_basic, serial_corexii_hall,
          chequers_hall_statues_wall_a, chequers_hall_statues_wall_a,
          chequers_serial_rivers_micro_a, guppyfry_early_lair_pool, uniq_ijyb
D:4:      layout_basic, minmay_temple_entry_poolview, kennysheep_generic_room_7,
          uniq_edmund

Skill      XL: |  1  2  3  4 |
---------------+-------------+-----
Polearms       | 2 3 4 5 |  5.7
Fighting       | |  2.6
Armour         | |  2.6
Shields        | |  2.6

Action                     |  1- 3 |  4- 6 || total
---------------------------+-------+-------++-------
  Melee: Trident           |   124 |   169 ||   293
    Use: Potion            |       |     5 ||     5
 Armour: Scale mail        |    63 |    98 ||   161
  Dodge: Dodged            |    40 |    46 ||    86
  Block: Buckler           |    17 |    40 ||    57

Table legend: (Time is in decaauts)
 A = Elapsed time spent in this place.
 B = Non-inter-level travel time spent in this place.
 C = Inter-level travel time spent in this place.
 D = Time resting spent in this place.
 E = Time spent auto-exploring this place.
 F = Levels seen in this place.
 G = Mean time per level.
                   A        B        C        D        E       F      G
               +--------+--------+--------+--------+--------+-----+--------+
         Total |   2822 |   2722 |    100 |    358 |   1831 |   4 |  705.5 |
       Dungeon |   2822 |   2722 |    100 |    358 |   1831 |   4 |  705.5 |
               +--------+--------+--------+--------+--------+-----+--------+

Top non-repeatable levels by time:
     D:3: 1236 daAuts
     D:1: 838 daAuts
     D:2: 695 daAuts
     D:4: 52 daAuts
